 Dungeon Crawl Stone Soup version 0.21.0-3-g78d12a8 (webtiles) character file.

198 MTVSty1e the Chopper (level 5, -11/30 HPs)
             Began as a Gargoyle Gladiator on Jan 15, 2018.
             Mangled by an ogre
             ... wielding a +0 giant club
              (12 damage)
             ... on level 4 of the Dungeon.
             The game lasted 00:05:47 (3103 turns).

MTVSty1e the Chopper (Gargoyle Gladiator)           Turns: 3103, Time: 00:05:48

Health: -11/30     AC: 14    Str: 19    XL:     5   Next: 77%
Magic:  14/14      EV: 10    Int:  8    God:
Gold:   191        SH:  0    Dex: 11    Spells: 4/4 levels left

rFire    . . .     SeeInvis .   a - +0 war axe
rCold    . . .     Gourm    .   (no shield)
rNeg     + . .     Faith    .   v - +0 scale mail
rPois    ∞         Spirit   .   c - +0 helmet
rElec    +         Reflect  .   n - +2 cloak
rCorr    .         Harm     .   (no gloves)
MR       .....                  (no boots)
Stlth    ..........             (no amulet)
HPRegen  0.10/turn              i - ring of magical power (curse)
MPRegen  0.14/turn              (no ring)

@: no status effects
A: negative energy resistance 1, electricity resistance, unbreathing,
petrification resistance, rot immunity, AC +4
a: no special abilities


You were on level 4 of the Dungeon.
You were not hungry.

You visited 1 branch of the dungeon, and saw 4 of its levels.

You collected 191 gold pieces.

Inventory:

Hand Weapons
 a - a +0 war axe (weapon)
Missiles
 d - 3 throwing nets (quivered)
Armour
 c - a +0 helmet (worn)
 n - a +2 cloak (worn)
 v - a +0 scale mail (worn)
Jewellery
 i - a cursed ring of magical power (left hand)
Wands
 s - a wand of digging (17)
Scrolls
 g - 5 scrolls of enchant armour {unknown}
 k - a scroll of amnesia {unknown}
 q - a scroll of random uselessness {unknown}
 r - a scroll of teleportation {unknown}
 u - a scroll of identify {unknown}
 w - a scroll of remove curse {unknown}
Potions
 b - a potion of haste {unknown}
 e - 4 potions of magic {unknown}
 h - a potion of ambrosia {unknown}
 j - a potion of curing {unknown}
 l - 3 potions of brilliance {unknown}
 m - a potion of flight {unknown}
 o - a potion of agility {unknown}
 p - a potion of lignification {unknown}
 t - a potion of heal wounds {unknown}
Comestibles
 f - 2 rations


   Skills:
 - Level 2.1 Fighting
 + Level 5.7 Axes
 - Level 1.7 Throwing
 - Level 2.4 Dodging


You had 4 spell levels left.
You didn't know any spells.

Dungeon Overview and Level Annotations

Branches:
Dungeon (4/15)
 Temple: D:4-7

Altars:
Cheibriados
Fedhas


Innate Abilities, Weirdness & Mutations

You are resistant to torment.
Your stone body is resilient. (AC +4)
You are immune to poison.
You resist negative energy. (rN+)
You are resistant to electric shocks. (rElec)
You can survive without breathing.
You are immune to petrification.
You are immune to rotting.


Message History

Your scale mail prevents you from hitting the ogre.
The ogre is severely wounded.
The ogre hits you with a giant club!
Your scale mail prevents you from hitting the ogre.
The ogre is severely wounded.
The ogre closely misses you.
You hit the ogre.
The ogre is almost dead.
The ogre hits you but does no damage.
You hit the ogre.
The ogre is almost dead.
The ogre hits you with a giant club!
* * * LOW HITPOINT WARNING * * *
You hit the ogre.
The ogre is almost dead.
The ogre closely misses you.
You barely miss the ogre.
The ogre is almost dead.
The ogre hits you with a giant club!
You die...

#.# #.# #.# #.# #/# ..#
#.# #####(# #O# ...##.#
###@#
.#####.##(####...######
...<.......##..........
......†........########
..####.#...##.##
...........##.#
########.#....#
#.###### #.#


You could see an ogre.

Vanquished Creatures
  Crazy Yiuf (D:2)
  A worker ant (D:4)
  Robin (D:3)
  5 adders
  An ooze (D:2)
  3 worms
  2 dart slugs
  2 leopard geckos
  An orc (D:3)
  A ball python (D:2)
  3 giant cockroaches
  10 hobgoblins
  5 kobolds
  A quokka (D:2)
  10 bats
  6 frilled lizards
  13 goblins
  9 rats
75 creatures vanquished.

Notes
Turn   | Place    | Note
-------+----------+-------------------------------------------
     0 | D:1      | MTVSty1e the Gargoyle Gladiator began the quest for the Orb.
     0 | D:1      | Reached XP level 1. HP: 12/12 MP: 1/1
   207 | D:1      | Reached skill level 3 in Axes
   219 | D:1      | Reached XP level 2. HP: 17/17 MP: 2/2
   821 | D:1      | Reached XP level 3. HP: 12/21 MP: 3/3
  1189 | D:2      | Reached skill level 4 in Axes
  1734 | D:2      | Found a runed door.
  1776 | D:2      | Noticed Crazy Yiuf
  1781 | D:2      | Killed Crazy Yiuf
  1781 | D:2      | Reached XP level 4. HP: 20/26 MP: 4/4
  1907 | D:2      | Found a blossoming altar of Fedhas.
  2195 | D:3      | Noticed Robin
  2213 | D:2      | Reached skill level 5 in Axes
  2420 | D:2      | Reached XP level 5. HP: 28/30 MP: 5/5
  2517 | D:3      | Killed Robin
  2546 | D:3      | Found a snail-covered altar of Cheibriados.
  3092 | D:4      | Noticed an ogre
  3101 | D:4      | HP: 1/30 [ogre/giant club (11)]
  3103 | D:4      | Mangled by an ogre

Skill      XL: |  1  2  3  4 |
---------------+-------------+-----
Axes           | 3 4 5 |  5.7
Fighting       | |  2.1
Throwing       | |  1.7
Dodging        | |  2.4

Action                   |  1- 3 |  4- 6 || total
-------------------------+-------+-------++-------
Melee: War axe           |   100 |   120 ||   220
  Eat: Chunk             |     2 |     4 ||     6
       Ration            |       |     1 ||     1
Armor: Leather armour    |    43 |     1 ||    44
       Ring mail         |       |   109 ||   109
       Scale mail        |       |    10 ||    10
Dodge: Dodged            |    65 |   107 ||   172
